 Dungeon Crawl Stone Soup version 0.20.1-1-g8b1a95d (webtiles) character file.

163 Monsterracer the Bolt Thrower (level 5, 0/32 HPs)
             Began as a Kobold Arcane Marksman on Aug 17, 2017.
             Slain by manon's ghost (10 damage)
             ... on level 3 of the Dungeon.
             The game lasted 00:08:18 (4905 turns).

Monsterracer the Bolt Thrower (KoAM)                Turns: 4905, Time: 00:08:19

Health: 0/32       AC:  3    Str:  8    XL:     5   Next: 73%
Magic:  6/6        EV: 15    Int: 14    God:
Gold:   126        SH:  0    Dex: 16    Spells: 2/6 levels left

rFire    . . .     SeeInvis .   a - +0 hand crossbow
rCold    . . .     Gourm    .   (shield restricted)
rNeg     . . .     Faith    .   s - +0 leather armour
rPois    .         Spirit   .   (no helmet)
rElec    .         Reflect  .   (no cloak)
rCorr    .         Harm     .   (no gloves)
MR       .....                  (no boots)
Stlth    ++........             (no amulet)
Regen    0.1/turn               (no ring)
MPRegen  0.1/turn               (no ring)

@: no status effects
A: carnivore 3
a: no special abilities


You were on level 3 of the Dungeon.
You were completely stuffed.

You visited 1 branch of the dungeon, and saw 3 of its levels.

You collected 126 gold pieces.

Inventory:

Hand Weapons
 a - a +0 hand crossbow (weapon)
 b - a +0 short sword
Missiles
 d - 22 bolts (quivered)
Armour
 e - a +0 robe
 s - a +0 leather armour (worn)
Scrolls
 g - 2 scrolls of fear {unknown}
 h - 2 scrolls of amnesia {unknown}
 i - 2 scrolls of identify {unknown}
 m - 2 scrolls of remove curse {unknown}
 n - 2 scrolls of teleportation {unknown}
 o - a scroll of enchant armour {unknown}
 p - a scroll of enchant weapon {unknown}
Potions
 j - a potion of curing {unknown}
 k - a potion of berserk rage {unknown}
Comestibles
 f - 3 meat rations


   Skills:
 * Level 3.0 Fighting
 * Level 3.3 Short Blades
 * Level 3.5 Crossbows
 + Level 3.2 Dodging
 + Level 2.0 Stealth
 - Level 1.1 Spellcasting
 - Level 3.0 Hexes


You had 2 spell levels left.
You knew the following spells:

 Your Spells              Type           Power        Failure   Level  Hunger
a - Corona                Hex            #......      11%         1    ##.....
b - Portal Projectile     Hex/Tloc       #.....       52%         3    ####...


Dungeon Overview and Level Annotations

Branches:
Dungeon (3/15)

Altars:
Makhleb
Qazlal
Ru
Uskayaw

Annotations:
D:3 1 runed door, manon's ghost, amateur MiBe


Innate Abilities, Weirdness & Mutations

You are small and have problems with some larger weapons.
You are carnivorous and can eat meat at any time.


Message History

Press: ? - help, Shift-Dir - straight line, f/p - manon's ghost
Aim: manon's ghost (heavily damaged, softly glowing)
You shoot a bolt. The bolt barely misses manon's ghost.
Manon's ghost stops glowing.
Manon's ghost hits you!
* * * LOW HITPOINT WARNING * * *
Huge Dmg: -32%(-10hp) hp: 25%(8hp) Manon's ghost barely misses you.
Firing (i - inventory):
d - 23 bolts (quivered)
Press: ? - help, Shift-Dir - straight line, f/p - manon's ghost
Aim: manon's ghost (heavily damaged)
You shoot a bolt. The bolt hits manon's ghost.
Manon's ghost is heavily damaged.
Manon's ghost closely misses you.
Firing (i - inventory):
d - 22 bolts (quivered)
Press: ? - help, Shift-Dir - straight line, f/p - manon's ghost
Aim: manon's ghost (heavily damaged)
Okay, then.
It was a potion of cancellation.
You feel magically purged. Manon's ghost hits you!
You die...

#.#.####+##
#.#..# #.#
#.##.###.#
#.##..##.#####
#.#(.........#
#.#.#.##.###.#
#.#.#..#.# #.#
#.##.#.#
#.######### #.
.#.#
#.#..@W(..# #.
....
#.#.#####.#
#..# #.#.#.#
#.# ..#
#.#...# #.#
#.#######.#
#.........# #
########..# .
.. #†.# # ...
#..#


You could see manon's ghost.

Vanquished Creatures
  8 adders
  2 oozes
  2 worms (D:2)
  6 dart slugs
  An orc (D:3)
  2 ball pythons
  3 giant cockroaches
  7 goblins
  4 hobgoblins
  6 jackals
  3 quokkas (D:2)
  8 bats
  4 frilled lizards
  5 kobolds
  6 rats
67 creatures vanquished.

Notes
Turn   | Place    | Note
-------+----------+-------------------------------------------
     0 | D:1      | Monsterracer the Kobold Arcane Marksman began the quest for the Orb.
     0 | D:1      | Reached XP level 1. HP: 12/12 MP: 2/2
   186 | D:1      | Reached XP level 2. HP: 10/16 MP: 3/3
   333 | D:1      | HP: 8/16 [goblin/club (1)]
   538 | D:1      | HP: 8/16 [ooze (2)]
   545 | D:1      | HP: 3/16 [ooze (2)]
   546 | D:1      | Reached skill level 1 in Stealth
  1005 | D:1      | Reached XP level 3. HP: 18/21 MP: 4/4
  1658 | D:2      | Reached skill level 1 in Short Blades
  1663 | D:2      | HP: 9/21 [ooze (3)]
  1855 | D:2      | Learned a level 3 spell: Portal Projectile
  1887 | D:2      | Reached XP level 4. HP: 26/26 MP: 5/5
  2162 | D:2      | HP: 13/27 [poisoned by an adder]
  2167 | D:2      | HP: 10/27 [poisoned by an adder]
  2174 | D:2      | HP: 8/27 [poisoned by an adder]
  2181 | D:2      | HP: 6/27 [poisoned by an adder]
  2189 | D:2      | HP: 5/27 [poisoned by an adder]
  2429 | D:2      | Found a sacrificial altar of Ru.
  2465 | D:2      | Found a burning altar of Makhleb.
  2500 | D:2      | HP: 11/27 [worm (7)]
  2694 | D:2      | Found a stormy altar of Qazlal.
  2763 | D:2      | Reached XP level 5. HP: 20/31 MP: 6/6
  2767 | D:2      | HP: 15/31 [goblin/club (3)]
  3395 | D:2      | HP: 15/31 [dart slug/slug dart (7)]
  4016 | D:3      | HP: 14/32 [adder (3)]
  4021 | D:3      | HP: 10/32 [poisoned by an adder]
  4026 | D:3      | HP: 6/32 [poisoned by an adder]
  4032 | D:3      | HP: 6/48 [poisoned by an adder]
  4038 | D:3      | HP: 5/48 [poisoned by an adder]
  4046 | D:3      | HP: 4/48 [poisoned by an adder]
  4369 | D:3      | Noticed a hand axe
  4371 | D:3      | Noticed a dagger
  4385 | D:3      | Found a hide-covered altar of Uskayaw.
  4705 | D:3      | Found a runed door.
  4871 | D:3      | Noticed manon's ghost (amateur MiBe)
  4885 | D:3      | HP: 8/32 [manon's ghost (10)]
  4905 | D:3      | Slain by manon's ghost

Skill      XL: |  1  2  3  4  5 |
---------------+----------------+-----
Stealth        | 1 2 |  2.0
Fighting       | 2 3 |  3.0
Short Blades   | 2 3 |  3.3
Crossbows      | 3 |  3.5
Dodging        | 3 |  3.2
Spellcasting   | |  1.1
Hexes          | |  3.0

Action                   |  1- 3 |  4- 6 || total
-------------------------+-------+-------++-------
Melee: Club              |    89 |       ||    89
       Whip              |    18 |    21 ||    39
       Short sword       |       |   151 ||   151
 Fire: Hand crossbow     |    12 |    38 ||    50
 Cast: Corona            |       |     1 ||     1
  Use: Potion            |       |     2 ||     2
 Stab: Sleeping          |     3 |     4 ||     7
  Eat: Chunk             |    12 |     9 ||    21
Armor: Robe              |    22 |     2 ||    24
       Ring mail         |       |    59 ||    59
       Leather armour    |       |     2 ||     2
Dodge: Dodged            |    99 |   133 ||   232
